Rock Island Raccoons vs Laval Squanderers
Created - Thursday, September 14, 2023 at 06:44
Goals
|
| Rock Island Raccoons |
0 |
1 |
0 |
0 |
1 |
2 |
| Laval Squanderers |
1 |
0 |
0 |
0 |
0 |
1 |
|
Shots
|
| Rock Island Raccoons |
13 |
10 |
2 |
0 |
3 |
25 |
| Laval Squanderers |
10 |
13 |
7 |
0 |
3 |
30 |
|
1st period
1. Laval Squanderers , Justin Barron 1 (Braden Schneider 3, Oliver Wahlstrom 9) at 17:22 (PP)
Penalties :
Brayden Pachal (LSQ) for Fighting (Major) at 15:53, Ryan Lindgren (RIR) for Fighting (Major) at 15:53, Jujhar Khaira (RIR) for Unsportsmanlike conduct (Minor) at 17:17
2nd period
2. Rock Island Raccoons , Alex Barre-Boulet 7 (Vinni Lettieri 8, Brendan Smith 8) at 12:26
Penalties :
Ty Emberson (LSQ) for Cross-checking (Minor) at 1:18, Kaedan Korczak (LSQ) for Fighting (Major) at 7:19, Martin Chromiak (RIR) for Fighting (Major) at 7:19, Logan Stanley (RIR) for Roughing (Minor) at 7:43, Graeme Clarke (LSQ) for Fighting (Major) at 11:14, Jujhar Khaira (RIR) for Fighting (Major) at 11:14, Lias Andersson (LSQ) for Hooking (Minor) at 13:14, Andrew Ladd (RIR) for Roughing (Minor) at 16:52, Brayden Pachal (LSQ) for Holding (Minor) at 19:53
3rd period
No Goal
Penalties :
Alex Barre-Boulet (RIR) for Attempt to injure (Major / Game Misconduct) at 3:14
Overtime #1
No Goal
Penalties :
No Penalty
Shootout
Rock Island Raccoons, Jujhar Khaira - Stopped by Mads Sogaard
Laval Squanderers, Oliver Wahlstrom - Shot Misses the Net
Rock Island Raccoons, Eric Robinson - Stopped by Mads Sogaard
Laval Squanderers, Brett Howden - Stopped by Craig Anderson
Rock Island Raccoons, Craig Smith - Goal!
Laval Squanderers, Lias Andersson - Stopped by Craig Anderson
Penalties :
No Penalty
Goalie Stats
Craig Anderson (RIR), 29 saves from 30 shots - (0.967), W, 9-2-1, 65:00 minutes
Mads Sogaard (LSQ), 24 saves from 25 shots - (0.960), OTL, 7-4-1, 65:00 minutes
Players Stats for Rock Island Raccoons
Player Name G A P +/- PIM S H SB GA TA FO MP PP MP PK MP
------------------------------------------------------------------------------------
Alex Barre-Boulet 1 0 1 1 15 2 1 1 2 0 0/0 15:08 2:44 1:51
Andrew Ladd 0 0 0 1 2 2 1 0 1 0 0/3 15:41 0:00 0:59
Brendan Smith 0 1 1 1 0 0 2 1 1 0 0/0 27:07 2:49 3:43
Carl Hagelin 0 0 0 0 0 1 0 0 2 1 0/0 11:45 0:00 2:23
Craig Smith 0 0 0 0 0 6 0 0 3 0 4/6 21:43 3:13 4:01
Damien Giroux 0 0 0 0 0 0 4 1 0 0 3/6 11:59 0:00 0:00
Eric Robinson 0 0 0 0 0 2 2 0 1 1 0/3 20:43 3:13 3:59
Guillaume Brisebois 0 0 0 0 0 0 0 2 0 1 0/0 14:54 0:00 0:47
Jake Walman 0 0 0 0 0 2 1 1 0 0 0/0 23:09 3:08 4:37
Jan Mysak 0 0 0 0 0 0 0 0 0 0 4/5 8:21 1:06 0:00
Jujhar Khaira 0 0 0 0 7 2 4 0 2 0 9/15 23:05 2:07 3:54
Karl Henriksson 0 0 0 0 0 0 3 0 0 0 4/5 9:08 0:00 0:57
Kyle Burroughs 0 0 0 0 0 1 2 1 0 0 0/0 23:09 3:08 4:37
Logan Stanley 0 0 0 0 2 0 1 3 0 2 1/1 17:59 0:00 0:15
Martin Chromiak 0 0 0 0 5 0 2 0 0 0 0/2 14:18 2:44 0:00
Ryan Lindgren 0 0 0 1 5 2 5 0 1 1 0/0 24:37 2:49 4:05
Tuukka Tieksola 0 0 0 0 0 2 1 1 1 0 0/0 12:20 0:00 0:00
Vinni Lettieri 0 1 1 1 0 3 2 0 1 1 6/9 15:45 2:44 0:00
Players Stats for Laval Squanderers
Player Name G A P +/- PIM S H SB GA TA FO MP PP MP PK MP
------------------------------------------------------------------------------------
Braden Schneider 0 1 1 -1 0 2 2 3 1 3 0/0 24:25 4:18 2:47
Brayden Pachal 0 0 0 -1 7 0 1 1 0 1 0/0 15:00 0:50 0:00
Brayden Tracey 0 0 0 0 0 0 3 1 1 1 1/1 16:57 4:05 0:00
Brett Howden 0 0 0 0 0 1 1 0 0 0 9/12 19:53 4:11 2:57
Cross Hanas 0 0 0 -1 0 1 0 0 0 0 2/3 8:28 0:00 0:00
Danila Klimovich 0 0 0 -1 0 1 0 0 1 0 1/5 12:36 0:33 0:59
Ethen Frank 0 0 0 0 0 2 2 0 2 0 6/17 16:27 4:05 0:00
Graeme Clarke 0 0 0 0 5 1 4 2 0 0 3/7 14:41 1:00 0:00
Justin Barron 1 0 1 0 0 3 1 1 0 0 0/0 24:03 4:18 2:47
Kaedan Korczak 0 0 0 0 5 1 1 0 0 2 0/0 15:44 0:00 0:55
Lias Andersson 0 0 0 0 2 3 2 0 0 0 2/3 18:19 4:10 2:01
Martin Kaut 0 0 0 0 0 6 3 0 1 3 0/0 21:01 4:05 3:00
Mike Hardman 0 0 0 0 0 3 0 1 0 0 0/3 12:22 0:00 0:00
Nils Lundkvist 0 0 0 0 0 2 2 2 0 1 0/0 25:51 3:54 3:10
Oliver Wahlstrom 0 1 1 0 0 3 1 0 0 2 0/4 19:44 4:10 2:57
Shakir Mukhamadullin 0 0 0 -1 0 0 1 0 0 1 0/0 10:10 0:50 0:00
Simon Holmstrom 0 0 0 0 0 1 1 0 1 0 0/0 14:58 0:47 0:00
Ty Emberson 0 0 0 0 2 0 2 3 0 1 0/0 23:18 3:54 2:15
3 Stars
1 - Craig Anderson (RIR)
2 - Mads Sogaard (LSQ)
3 - Brendan Smith (RIR)
Power Play
Rock Island Raccoons - 0 on 3 Attempt(s) - 0.00%
Laval Squanderers - 1 on 4 Attempt(s) - 25.00%
Penalty Kill
Rock Island Raccoons - 3 on 4 Attempt(s) - 75.00%
- Score 0 goal in Penalty Kill
Laval Squanderers - 3 on 3 Attempt(s) - 100.00%
- Score 0 goal in Penalty Kill
Team Stat
Rock Island Raccoons - Hits : 31 - Faceoff Wins : 31 - Blocked Shots : 11 - Penalty Minutes : 36
Laval Squanderers - Hits : 27 - Faceoff Wins : 24 - Blocked Shots : 14 - Penalty Minutes : 21
Official
Referees : Dennis LaRue and Dean Morton
Linesman : Vaughan Rody and Mark Wheler
Game Notes
Brayden Pachal and Ryan Lindgren fight to a draw at 15:53 of 1st period
Kaedan Korczak and Martin Chromiak fight to a draw at 7:19 of 2nd period
Jujhar Khaira beats up Graeme Clarke at 11:14 of 2nd period
Alex Barre-Boulet ejected from game at 3:14 of 3rd period
Rock Island Raccoons
5 vs 5 Forward
Center Left Wing Right Wing Time % Phy DF OF
1 Jujhar Khaira Eric Robinson Craig Smith 30 1 2 2
2 Vinni Lettieri Alex Barre-Boulet Martin Chromiak 30 1 2 2
3 Damien Giroux Andrew Ladd Tuukka Tieksola 25 1 2 2
4 Karl Henriksson Carl Hagelin Jujhar Khaira 15 1 2 2
5 vs 5 Defense
Defense Defense Time % Phy DF OF
1 Ryan Lindgren Brendan Smith 30 1 2 2
2 Jake Walman Kyle Burroughs 30 1 2 2
3 Logan Stanley Guillaume Brisebois 25 1 2 2
4 Ryan Lindgren Brendan Smith 15 1 2 2
PowerPlay Forward
Center Left Wing Right Wing Time % Phy DF OF
1 Jujhar Khaira Eric Robinson Craig Smith 50 1 2 2
2 Vinni Lettieri Alex Barre-Boulet Martin Chromiak 50 1 2 2
PowerPlay Defense
Defense Defense Time % Phy DF OF
1 Ryan Lindgren Brendan Smith 50 1 2 2
2 Jake Walman Kyle Burroughs 50 1 2 2
Penalty Kill 4 Players Forward
Center Wing Time % Phy DF OF
1 Jujhar Khaira Eric Robinson 50 1 2 2
2 Craig Smith Alex Barre-Boulet 50 1 2 2
Penalty Kill 4 Players Defense
Defense Defense Time % Phy DF OF
1 Ryan Lindgren Brendan Smith 50 1 2 2
2 Jake Walman Kyle Burroughs 50 1 2 2
Penalty Kill - 3 Players Forward
Forward Time % Phy DF OF
1 Jujhar Khaira 50 1 2 2
2 Eric Robinson 50 1 2 2
Penalty Kill - 3 Players Defense
Defense Defense Time % Phy DF OF
1 Ryan Lindgren Brendan Smith 50 1 2 2
2 Jake Walman Kyle Burroughs 50 1 2 2
4 vs 4 Forward
Center Wing Time % Phy DF OF
1 Jujhar Khaira Eric Robinson 50 1 2 2
2 Craig Smith Alex Barre-Boulet 50 1 2 2
4 vs 4 Defense
Defense Defense Time % Phy DF OF
1 Ryan Lindgren Brendan Smith 50 1 2 2
2 Jake Walman Kyle Burroughs 50 1 2 2
Last Minutes Offensive
Center Left Wing Right Wing Defense Defense
Jujhar Khaira Eric Robinson Craig Smith Ryan Lindgren Brendan Smith
Last Minutes Defensive
Center Left Wing Right Wing Defense Defense
Jujhar Khaira Eric Robinson Craig Smith Ryan Lindgren Brendan Smith
Goaltenders
Starting : Craig Anderson
Backup : Braden Holtby
Extra Forwards
Normal : Jan Mysak, Andrew Ladd, Carl Hagelin - PP : Jan Mysak, Andrew Ladd - PK : Carl Hagelin
Extra Defensemen
Normal : Logan Stanley, Guillaume Brisebois, Jake Walman - PP : Logan Stanley - PK : Guillaume Brisebois, Jake Walman
Penalty Shots
Jujhar Khaira, Eric Robinson, Craig Smith, Alex Barre-Boulet, Vinni Lettieri
Laval Squanderers
5 vs 5 Forward
Center Left Wing Right Wing Time % Phy DF OF
1 Brett Howden Lias Andersson Oliver Wahlstrom 30 1 2 2
2 Ethen Frank Brayden Tracey Martin Kaut 30 1 2 2
3 Graeme Clarke Mike Hardman Simon Holmstrom 25 1 2 2
4 Cross Hanas Shakir Mukhamadullin Danila Klimovich 15 1 2 2
5 vs 5 Defense
Defense Defense Time % Phy DF OF
1 Braden Schneider Justin Barron 35 1 2 2
2 Nils Lundkvist Ty Emberson 35 1 2 2
3 Brayden Pachal Kaedan Korczak 30 1 2 2
4 Braden Schneider Justin Barron 0 1 2 2
PowerPlay Forward
Center Left Wing Right Wing Time % Phy DF OF
1 Brett Howden Lias Andersson Oliver Wahlstrom 50 1 2 2
2 Ethen Frank Brayden Tracey Martin Kaut 50 1 2 2
PowerPlay Defense
Defense Defense Time % Phy DF OF
1 Braden Schneider Justin Barron 50 1 2 2
2 Nils Lundkvist Ty Emberson 50 1 2 2
Penalty Kill 4 Players Forward
Center Wing Time % Phy DF OF
1 Oliver Wahlstrom Brett Howden 50 1 2 2
2 Lias Andersson Martin Kaut 50 1 2 2
Penalty Kill 4 Players Defense
Defense Defense Time % Phy DF OF
1 Braden Schneider Justin Barron 50 1 2 2
2 Nils Lundkvist Ty Emberson 50 1 2 2
Penalty Kill - 3 Players Forward
Forward Time % Phy DF OF
1 Oliver Wahlstrom 50 1 2 2
2 Brett Howden 50 1 2 2
Penalty Kill - 3 Players Defense
Defense Defense Time % Phy DF OF
1 Braden Schneider Justin Barron 50 1 2 2
2 Nils Lundkvist Ty Emberson 50 1 2 2
4 vs 4 Forward
Center Wing Time % Phy DF OF
1 Oliver Wahlstrom Brett Howden 50 1 2 2
2 Lias Andersson Martin Kaut 50 1 2 2
4 vs 4 Defense
Defense Defense Time % Phy DF OF
1 Braden Schneider Justin Barron 50 1 2 2
2 Nils Lundkvist Ty Emberson 50 1 2 2
Last Minutes Offensive
Center Left Wing Right Wing Defense Defense
Brett Howden Lias Andersson Oliver Wahlstrom Braden Schneider Justin Barron
Last Minutes Defensive
Center Left Wing Right Wing Defense Defense
Brett Howden Lias Andersson Oliver Wahlstrom Braden Schneider Justin Barron
Goaltenders
Starting : Mads Sogaard
Backup : Nico Daws
Extra Forwards
Normal : Graeme Clarke, Simon Holmstrom, Danila Klimovich - PP : Graeme Clarke, Simon Holmstrom - PK : Danila Klimovich
Extra Defensemen
Normal : Brayden Pachal, Kaedan Korczak, Shakir Mukhamadullin - PP : Brayden Pachal - PK : Kaedan Korczak, Shakir Mukhamadullin
Penalty Shots
Oliver Wahlstrom, Brett Howden, Lias Andersson, Martin Kaut, Ethen Frank
% Time on Ice - Rock Island Raccoons
Lines # - Real PCT - Wanted PCT - Time Play
Normal Forward
1 - 26% - 30% - 11:29
2 - 32% - 30% - 14:34
3 - 27% - 25% - 11:59
4 - 16% - 15% - 6:59
Normal Defense
1 - 28% - 30% - 12:41
2 - 30% - 30% - 13:32
3 - 29% - 25% - 12:58
4 - 13% - 15% - 5:50
PP Forward
1 - 54% - 50% - 3:13
2 - 46% - 50% - 2:44
PP Defense
1 - 47% - 50% - 2:49
2 - 53% - 50% - 3:08
PK Forward
1 - 44% - 50% - 3:59
2 - 56% - 50% - 5:03
PK Defense
1 - 49% - 50% - 4:25
2 - 51% - 50% - 4:37
PK3 Forward
1 - 0% - 50%
2 - 0% - 50%
PK3 Defense
1 - 0% - 50%
2 - 0% - 50%
44 Forward
1 - 36% - 50% - 1:47
2 - 64% - 50% - 3:13
44 Defense
1 - 52% - 50% - 2:35
2 - 48% - 50% - 2:25
Last Minute Offensive - 0:00
Last Minute Defensive - 0:00
Total
Forward - 65:00
Defense - 65:00
|
% Time on Ice - Laval Squanderers
Lines # - Real PCT - Wanted PCT - Time Play
Normal Forward
1 - 26% - 30% - 11:49
2 - 27% - 30% - 12:22
3 - 27% - 25% - 12:22
4 - 19% - 15% - 8:28
Normal Defense
1 - 33% - 35% - 14:47
2 - 34% - 35% - 15:11
3 - 33% - 30% - 14:49
4 - 1% - 0% - 0:14
PP Forward
1 - 53% - 50% - 4:48
2 - 47% - 50% - 4:14
PP Defense
1 - 57% - 50% - 5:08
2 - 43% - 50% - 3:54
PK Forward
1 - 50% - 50% - 2:57
2 - 50% - 50% - 3:00
PK Defense
1 - 47% - 50% - 2:47
2 - 53% - 50% - 3:10
PK3 Forward
1 - 0% - 50%
2 - 0% - 50%
PK3 Defense
1 - 0% - 50%
2 - 0% - 50%
44 Forward
1 - 51% - 50% - 2:32
2 - 49% - 50% - 2:28
44 Defense
1 - 53% - 50% - 2:38
2 - 47% - 50% - 2:22
Last Minute Offensive - 0:00
Last Minute Defensive - 0:00
Total
Forward - 65:00
Defense - 65:00
|
Play-by-Play
1st period
0:01 of 1st period - Brett Howden wins face-off versus Jujhar Khaira in neutral zone.
0:26 of 1st period - Martin Kaut is hit by Ryan Lindgren and loses puck.
0:54 of 1st period - Jake Walman is hit by Graeme Clarke and loses puck.
1:13 of 1st period - Kaedan Korczak is hit by Kyle Burroughs and loses puck.
2:02 of 1st period - Braden Schneider is hit by Damien Giroux and loses puck.
2:21 of 1st period - Braden Schneider is hit by Logan Stanley and loses puck.
2:36 of 1st period - Braden Schneider is hit by Vinni Lettieri and loses puck.
2:51 of 1st period - Wrist shot by Graeme Clarke.
2:51 of 1st period - Shot Hit the Post.
2:53 of 1st period - Slapshot by Braden Schneider.
2:53 of 1st period - Deflect By Kyle Burroughs.
2:53 of 1st period - Stopped by Craig Anderson without a rebound.
2:54 of 1st period - Ethen Frank wins face-off versus Jujhar Khaira in Rock Island Raccoons zone.
3:19 of 1st period - Logan Stanley is hit by Graeme Clarke and loses puck.
3:29 of 1st period - Slapshot by Vinni Lettieri.
3:29 of 1st period - Stopped by Mads Sogaard with a rebound.
3:41 of 1st period - Ryan Lindgren is hit by Ty Emberson and loses puck.
4:08 of 1st period - Snap shot by Tuukka Tieksola.
4:08 of 1st period - Stopped by Mads Sogaard without a rebound.
4:09 of 1st period - Karl Henriksson wins face-off versus Ethen Frank in Laval Squanderers zone.
4:12 of 1st period - Slapshot by Carl Hagelin.
4:12 of 1st period - Stopped by Mads Sogaard with a rebound.
4:14 of 1st period - Slapshot by Jake Walman.
4:14 of 1st period - Shot Blocked by Brayden Pachal.
4:16 of 1st period - Snap shot by Jujhar Khaira.
4:16 of 1st period - Shot Hit the Post.
4:18 of 1st period - Slapshot by Jake Walman.
4:18 of 1st period - Shot Misses the Net.
4:20 of 1st period - Slapshot by Jake Walman.
4:20 of 1st period - Stopped by Mads Sogaard without a rebound.
4:21 of 1st period - Brett Howden wins face-off versus Eric Robinson in Laval Squanderers zone.
6:08 of 1st period - Snap shot by Andrew Ladd.
6:08 of 1st period - Shot Blocked by Graeme Clarke.
6:10 of 1st period - Slapshot by Tuukka Tieksola.
6:10 of 1st period - Shot Blocked by Graeme Clarke.
6:12 of 1st period - Snap shot by Andrew Ladd.
6:12 of 1st period - Stopped by Mads Sogaard with a rebound.
6:14 of 1st period - Slapshot by Andrew Ladd.
6:14 of 1st period - Stopped by Mads Sogaard without a rebound.
6:15 of 1st period - Jujhar Khaira wins face-off versus Ethen Frank in Laval Squanderers zone.
6:26 of 1st period - Snap shot by Martin Kaut.
6:26 of 1st period - Shot Misses the Net.
6:28 of 1st period - Snap shot by Braden Schneider.
6:28 of 1st period - Deflect By Brendan Smith.
6:28 of 1st period - Stopped by Craig Anderson with a rebound.
6:30 of 1st period - Wrist shot by Ethen Frank.
6:30 of 1st period - Shot Misses the Net.
6:42 of 1st period - Brett Howden is hit by Ryan Lindgren and loses puck.
6:47 of 1st period - Wrist shot by Vinni Lettieri.
6:47 of 1st period - Stopped by Mads Sogaard with a rebound.
6:53 of 1st period - Oliver Wahlstrom is hit by Martin Chromiak and loses puck.
7:10 of 1st period - Simon Holmstrom is hit by Tuukka Tieksola and loses puck.
8:02 of 1st period - Slapshot by Martin Kaut.
8:02 of 1st period - Stopped by Craig Anderson with a rebound.
8:04 of 1st period - Backhand shot by Nils Lundkvist.
8:04 of 1st period - Stopped by Craig Anderson with a rebound.
8:06 of 1st period - Slapshot by Ty Emberson.
8:06 of 1st period - Deflect By Ethen Frank.
8:06 of 1st period - Shot Blocked by Tuukka Tieksola.
8:06 of 1st period - Puck is out of play.
8:07 of 1st period - Brett Howden wins face-off versus Andrew Ladd in Rock Island Raccoons zone.
8:08 of 1st period - Wrist shot by Oliver Wahlstrom.
8:08 of 1st period - Stopped by Craig Anderson without a rebound.
8:09 of 1st period - Brett Howden wins face-off versus Andrew Ladd in Rock Island Raccoons zone.
9:22 of 1st period - Wrist shot by Danila Klimovich.
9:22 of 1st period - Shot Blocked by Guillaume Brisebois.
9:58 of 1st period - Wrist shot by Martin Kaut.
9:58 of 1st period - Stopped by Craig Anderson with a rebound.
10:00 of 1st period - Backhand shot by Ethen Frank.
10:00 of 1st period - Shot Misses the Net.
10:02 of 1st period - Snap shot by Ethen Frank.
10:02 of 1st period - Stopped by Craig Anderson with a rebound.
10:24 of 1st period - Snap shot by Jujhar Khaira.
10:24 of 1st period - Stopped by Mads Sogaard with a rebound.
11:12 of 1st period - Alex Barre-Boulet is hit by Ethen Frank and loses puck.
12:09 of 1st period - Mike Hardman is hit by Vinni Lettieri and loses puck.
12:20 of 1st period - Brendan Smith is hit by Brayden Tracey and loses puck.
12:29 of 1st period - Snap shot by Ethen Frank.
12:29 of 1st period - Shot Misses the Net.
12:31 of 1st period - Slapshot by Brayden Pachal.
12:31 of 1st period - Shot Misses the Net.
12:52 of 1st period - Backhand shot by Ryan Lindgren.
12:52 of 1st period - Stopped by Mads Sogaard with a rebound.
12:58 of 1st period - Wrist shot by Eric Robinson.
12:58 of 1st period - Stopped by Mads Sogaard with a rebound.
13:14 of 1st period - Wrist shot by Craig Smith.
13:14 of 1st period - Shot Misses the Net.
13:16 of 1st period - Snap shot by Craig Smith.
13:16 of 1st period - Stopped by Mads Sogaard without a rebound.
13:17 of 1st period - Brett Howden wins face-off versus Vinni Lettieri in Laval Squanderers zone.
14:32 of 1st period - Justin Barron is hit by Kyle Burroughs and loses puck.
14:47 of 1st period - Oliver Wahlstrom is hit by Jujhar Khaira and loses puck.
15:21 of 1st period - Snap shot by Lias Andersson.
15:21 of 1st period - Stopped by Craig Anderson without a rebound.
15:22 of 1st period - Ethen Frank wins face-off versus Damien Giroux in Rock Island Raccoons zone.
15:31 of 1st period - Slapshot by Ethen Frank.
15:31 of 1st period - Shot Misses the Net.
15:47 of 1st period - Icing by Andrew Ladd.
15:48 of 1st period - Damien Giroux wins face-off versus Mike Hardman in Rock Island Raccoons zone.
15:48 of 1st period - Damien Giroux is hit by Brayden Pachal.
15:53 of 1st period - Brayden Pachal and Ryan Lindgren fight to a draw.
15:53 of 1st period - Penalty to Brayden Pachal for Fighting.
15:53 of 1st period - Penalty to Ryan Lindgren for Fighting.
15:54 of 1st period - Jujhar Khaira wins face-off versus Ethen Frank in neutral zone.
16:10 of 1st period - Slapshot by Ethen Frank.
16:10 of 1st period - Shot Misses the Net.
16:33 of 1st period - Wrist shot by Vinni Lettieri.
16:33 of 1st period - Shot Misses the Net.
16:40 of 1st period - Icing by Ty Emberson.
16:41 of 1st period - Damien Giroux wins face-off versus Mike Hardman in Laval Squanderers zone.
16:52 of 1st period - Wrist shot by Andrew Ladd.
16:52 of 1st period - Shot Misses the Net.
17:17 of 1st period - Minor Penalty to Jujhar Khaira for Unsportsmanlike conduct.
17:18 of 1st period - Brett Howden wins face-off versus Eric Robinson in Rock Island Raccoons zone.
17:18 of 1st period - Slapshot by Oliver Wahlstrom.
17:18 of 1st period - Shot Blocked by Brendan Smith.
17:20 of 1st period - Slapshot by Braden Schneider.
17:20 of 1st period - Shot Misses the Net.
17:22 of 1st period - Slapshot by Justin Barron.
17:22 of 1st period - Goal by Justin Barron - Rock Island Raccoons : 0 - Laval Squanderers : 1.
17:23 of 1st period - Jujhar Khaira wins face-off versus Brett Howden in neutral zone.
17:26 of 1st period - Lias Andersson is hit by Brendan Smith and loses puck.
17:31 of 1st period - Slapshot by Craig Smith.
17:31 of 1st period - Shot Misses the Net.
17:33 of 1st period - Wrist shot by Craig Smith.
17:33 of 1st period - Stopped by Mads Sogaard without a rebound.
17:34 of 1st period - Jujhar Khaira wins face-off versus Ethen Frank in Laval Squanderers zone.
19:00 of 1st period - Guillaume Brisebois is hit by Kaedan Korczak.
19:26 of 1st period - Wrist shot by Martin Kaut.
19:26 of 1st period - Stopped by Craig Anderson with a rebound.
19:45 of 1st period - Snap shot by Tuukka Tieksola.
19:45 of 1st period - Stopped by Mads Sogaard with a rebound.
Goals for this period are 0 for Rock Island Raccoons vs 1 for Laval Squanderers.
Shots for this period are 13 for Rock Island Raccoons vs 10 for Laval Squanderers.
2nd period
0:01 of 2nd period - Brett Howden wins face-off versus Jujhar Khaira in neutral zone.
0:12 of 2nd period - Snap shot by Lias Andersson.
0:12 of 2nd period - Shot Blocked by Logan Stanley.
0:14 of 2nd period - Snap shot by Brett Howden.
0:14 of 2nd period - Stopped by Craig Anderson with a rebound.
0:31 of 2nd period - Off-side.
0:32 of 2nd period - Graeme Clarke wins face-off versus Martin Chromiak in neutral zone.
0:59 of 2nd period - Brayden Tracey is hit by Eric Robinson and loses puck.
1:18 of 2nd period - Minor Penalty to Ty Emberson for Cross-checking.
1:19 of 2nd period - Jujhar Khaira wins face-off versus Oliver Wahlstrom in Laval Squanderers zone.
1:30 of 2nd period - Slapshot by Oliver Wahlstrom.
1:30 of 2nd period - Stopped by Craig Anderson without a rebound.
1:31 of 2nd period - Lias Andersson wins face-off versus Martin Chromiak in Rock Island Raccoons zone.
1:58 of 2nd period - Craig Smith is hit by Martin Kaut and loses puck.
2:19 of 2nd period - Snap shot by Martin Kaut.
2:19 of 2nd period - Stopped by Craig Anderson with a rebound.
2:21 of 2nd period - Slapshot by Justin Barron.
2:21 of 2nd period - Shot Misses the Net.
3:18 of 2nd period - Penalty to Ty Emberson is over, Ty Emberson is back on ice.
3:24 of 2nd period - Snap shot by Simon Holmstrom.
3:24 of 2nd period - Shot Blocked by Jake Walman.
3:26 of 2nd period - Snap shot by Kaedan Korczak.
3:26 of 2nd period - Shot Misses the Net.
3:28 of 2nd period - Slapshot by Nils Lundkvist.
3:28 of 2nd period - Deflect By Simon Holmstrom.
3:28 of 2nd period - Shot Misses the Net.
3:28 of 2nd period - Puck is out of play.
3:29 of 2nd period - Damien Giroux wins face-off versus Mike Hardman in Rock Island Raccoons zone.
3:42 of 2nd period - Snap shot by Andrew Ladd.
3:42 of 2nd period - Shot Misses the Net.
3:48 of 2nd period - Tuukka Tieksola is hit by Ty Emberson and loses puck.
4:21 of 2nd period - Wrist shot by Jujhar Khaira.
4:21 of 2nd period - Shot Misses the Net.
4:56 of 2nd period - Brayden Pachal is hit by Damien Giroux and loses puck.
5:11 of 2nd period - Backhand shot by Cross Hanas.
5:11 of 2nd period - Stopped by Craig Anderson with a rebound.
5:13 of 2nd period - Wrist shot by Kaedan Korczak.
5:13 of 2nd period - Stopped by Craig Anderson with a rebound.
5:25 of 2nd period - Martin Kaut is hit by Karl Henriksson and loses puck.
7:14 of 2nd period - Snap shot by Martin Kaut.
7:14 of 2nd period - Stopped by Craig Anderson with a rebound.
7:16 of 2nd period - Slapshot by Brayden Pachal.
7:16 of 2nd period - Shot Misses the Net.
7:19 of 2nd period - Kaedan Korczak and Martin Chromiak fight to a draw.
7:19 of 2nd period - Penalty to Kaedan Korczak for Fighting.
7:19 of 2nd period - Penalty to Martin Chromiak for Fighting.
7:20 of 2nd period - Brett Howden wins face-off versus Vinni Lettieri in Rock Island Raccoons zone.
7:29 of 2nd period - Snap shot by Oliver Wahlstrom.
7:29 of 2nd period - Stopped by Craig Anderson with a rebound.
7:43 of 2nd period - Minor Penalty to Logan Stanley for Roughing.
7:44 of 2nd period - Craig Smith wins face-off versus Ethen Frank in Rock Island Raccoons zone.
7:57 of 2nd period - Eric Robinson is hit by Ethen Frank and loses puck.
8:34 of 2nd period - Brayden Tracey is hit by Jujhar Khaira and loses puck.
9:28 of 2nd period - Brendan Smith is hit by Brett Howden and loses puck.
9:43 of 2nd period - Penalty to Logan Stanley is over, Logan Stanley is back on ice.
9:45 of 2nd period - Alex Barre-Boulet is hit by Graeme Clarke and loses puck.
10:12 of 2nd period - Alex Barre-Boulet is hit by Graeme Clarke and loses puck.
10:27 of 2nd period - Icing by Craig Smith.
10:28 of 2nd period - Logan Stanley wins face-off versus Brett Howden in Rock Island Raccoons zone.
10:35 of 2nd period - Wrist shot by Craig Smith.
10:35 of 2nd period - Shot Misses the Net.
10:37 of 2nd period - Slapshot by Jake Walman.
10:37 of 2nd period - Stopped by Mads Sogaard with a rebound.
10:39 of 2nd period - Slapshot by Kyle Burroughs.
10:39 of 2nd period - Deflect By Alex Barre-Boulet.
10:39 of 2nd period - Shot Misses the Net.
10:39 of 2nd period - Puck is out of play.
10:40 of 2nd period - Ethen Frank wins face-off versus Damien Giroux in Laval Squanderers zone.
10:53 of 2nd period - Wrist shot by Martin Kaut.
10:53 of 2nd period - Stopped by Craig Anderson with a rebound.
10:55 of 2nd period - Wrist shot by Nils Lundkvist.
10:55 of 2nd period - Stopped by Craig Anderson without a rebound.
10:56 of 2nd period - Karl Henriksson wins face-off versus Graeme Clarke in Rock Island Raccoons zone.
11:01 of 2nd period - Slapshot by Kyle Burroughs.
11:01 of 2nd period - Shot Misses the Net.
11:03 of 2nd period - Wrist shot by Jujhar Khaira.
11:03 of 2nd period - Stopped by Mads Sogaard without a rebound.
11:04 of 2nd period - Karl Henriksson wins face-off versus Graeme Clarke in Laval Squanderers zone.
11:09 of 2nd period - Backhand shot by Carl Hagelin.
11:09 of 2nd period - Shot Misses the Net.
11:11 of 2nd period - Snap shot by Jujhar Khaira.
11:11 of 2nd period - Shot Blocked by Ty Emberson.
11:13 of 2nd period - Slapshot by Jujhar Khaira.
11:13 of 2nd period - Shot Blocked by Mike Hardman.
11:14 of 2nd period - Jujhar Khaira beats up Graeme Clarke.
11:14 of 2nd period - Penalty to Graeme Clarke for Fighting.
11:14 of 2nd period - Penalty to Jujhar Khaira for Fighting.
11:15 of 2nd period - Ethen Frank wins face-off versus Eric Robinson in Laval Squanderers zone.
11:45 of 2nd period - Snap shot by Oliver Wahlstrom.
11:45 of 2nd period - Shot Misses the Net.
12:24 of 2nd period - Snap shot by Alex Barre-Boulet.
12:24 of 2nd period - Shot Misses the Net.
12:26 of 2nd period - Snap shot by Alex Barre-Boulet.
12:26 of 2nd period - Goal by Alex Barre-Boulet - Rock Island Raccoons : 1 - Laval Squanderers : 1.
12:27 of 2nd period - Jan Mysak wins face-off versus Ethen Frank in neutral zone.
12:36 of 2nd period - Snap shot by Eric Robinson.
12:36 of 2nd period - Shot Misses the Net.
12:38 of 2nd period - Slapshot by Guillaume Brisebois.
12:38 of 2nd period - Shot Blocked by Brayden Tracey.
13:01 of 2nd period - Slapshot by Mike Hardman.
13:01 of 2nd period - Deflect By Simon Holmstrom.
13:01 of 2nd period - Stopped by Craig Anderson without a rebound.
13:02 of 2nd period - Vinni Lettieri wins face-off versus Brett Howden in Rock Island Raccoons zone.
13:14 of 2nd period - Minor Penalty to Lias Andersson for Hooking.
13:15 of 2nd period - Vinni Lettieri wins face-off versus Danila Klimovich in Laval Squanderers zone.
13:21 of 2nd period - Slapshot by Alex Barre-Boulet.
13:21 of 2nd period - Stopped by Mads Sogaard with a rebound.
13:23 of 2nd period - Slapshot by Ryan Lindgren.
13:23 of 2nd period - Shot Misses the Net.
13:25 of 2nd period - Wrist shot by Vinni Lettieri.
13:25 of 2nd period - Stopped by Mads Sogaard with a rebound.
13:27 of 2nd period - Wrist shot by Vinni Lettieri.
13:27 of 2nd period - Shot Blocked by Ty Emberson.
13:29 of 2nd period - Snap shot by Vinni Lettieri.
13:29 of 2nd period - Shot Blocked by Ty Emberson.
13:31 of 2nd period - Wrist shot by Vinni Lettieri.
13:31 of 2nd period - Shot Blocked by Nils Lundkvist.
13:44 of 2nd period - Off-side.
13:45 of 2nd period - Jan Mysak wins face-off versus Oliver Wahlstrom in neutral zone.
14:01 of 2nd period - Off-side.
14:02 of 2nd period - Vinni Lettieri wins face-off versus Danila Klimovich in neutral zone.
14:31 of 2nd period - Brett Howden is hit by Ryan Lindgren and loses puck.
14:38 of 2nd period - Wrist shot by Eric Robinson.
14:38 of 2nd period - Deflect By Craig Smith.
14:38 of 2nd period - Stopped by Mads Sogaard without a rebound.
14:39 of 2nd period - Jan Mysak wins face-off versus Danila Klimovich in Laval Squanderers zone.
14:42 of 2nd period - Wrist shot by Eric Robinson.
14:42 of 2nd period - Deflect By Justin Barron.
14:42 of 2nd period - Stopped by Mads Sogaard with a rebound.
14:44 of 2nd period - Slapshot by Kyle Burroughs.
14:44 of 2nd period - Stopped by Mads Sogaard with a rebound.
14:46 of 2nd period - Snap shot by Craig Smith.
14:46 of 2nd period - Deflect By Martin Kaut.
14:46 of 2nd period - Shot Blocked by Justin Barron.
14:46 of 2nd period - Puck is out of play.
14:47 of 2nd period - Danila Klimovich wins face-off versus Jan Mysak in Laval Squanderers zone.
15:14 of 2nd period - Penalty to Lias Andersson is over, Lias Andersson is back on ice.
15:32 of 2nd period - Wrist shot by Mike Hardman.
15:32 of 2nd period - Shot Blocked by Damien Giroux.
15:34 of 2nd period - Snap shot by Danila Klimovich.
15:34 of 2nd period - Stopped by Craig Anderson with a rebound.
15:36 of 2nd period - Slapshot by Justin Barron.
15:36 of 2nd period - Stopped by Craig Anderson with a rebound.
15:38 of 2nd period - Wrist shot by Justin Barron.
15:38 of 2nd period - Deflect By Simon Holmstrom.
15:38 of 2nd period - Shot Misses the Net.
15:38 of 2nd period - Puck is out of play.
15:39 of 2nd period - Jan Mysak wins face-off versus Ethen Frank in Rock Island Raccoons zone.
16:13 of 2nd period - Slapshot by Mike Hardman.
16:13 of 2nd period - Stopped by Craig Anderson without a rebound.
16:14 of 2nd period - Jujhar Khaira wins face-off versus Ethen Frank in Rock Island Raccoons zone.
16:25 of 2nd period - Wrist shot by Craig Smith.
16:25 of 2nd period - Stopped by Mads Sogaard without a rebound.
16:26 of 2nd period - Ethen Frank wins face-off versus Jujhar Khaira in Laval Squanderers zone.
16:52 of 2nd period - Minor Penalty to Andrew Ladd for Roughing.
16:53 of 2nd period - Brett Howden wins face-off versus Craig Smith in Rock Island Raccoons zone.
17:30 of 2nd period - Backhand shot by Craig Smith.
17:30 of 2nd period - Stopped by Mads Sogaard with a rebound.
17:32 of 2nd period - Snap shot by Craig Smith.
17:32 of 2nd period - Shot Misses the Net.
18:00 of 2nd period - Eric Robinson is hit by Lias Andersson and loses puck.
18:52 of 2nd period - Penalty to Andrew Ladd is over, Andrew Ladd is back on ice.
19:07 of 2nd period - Damien Giroux is hit by Nils Lundkvist.
19:53 of 2nd period - Minor Penalty to Brayden Pachal for Holding.
19:54 of 2nd period - Lias Andersson wins face-off versus Jujhar Khaira in Laval Squanderers zone.
Goals for this period are 1 for Rock Island Raccoons vs 0 for Laval Squanderers.
Shots for this period are 10 for Rock Island Raccoons vs 13 for Laval Squanderers.
3rd period
0:01 of 3rd period - Vinni Lettieri wins face-off versus Lias Andersson in neutral zone.
0:04 of 3rd period - Lias Andersson is hit by Alex Barre-Boulet and loses puck.
0:09 of 3rd period - Snap shot by Alex Barre-Boulet.
0:09 of 3rd period - Shot Misses the Net.
0:11 of 3rd period - Wrist shot by Martin Chromiak.
0:11 of 3rd period - Shot Misses the Net.
0:13 of 3rd period - Snap shot by Alex Barre-Boulet.
0:13 of 3rd period - Shot Blocked by Braden Schneider.
0:15 of 3rd period - Slapshot by Ryan Lindgren.
0:15 of 3rd period - Deflect By Martin Chromiak.
0:15 of 3rd period - Shot Blocked by Braden Schneider.
0:15 of 3rd period - Puck is out of play.
0:16 of 3rd period - Jujhar Khaira wins face-off versus Oliver Wahlstrom in Laval Squanderers zone.
0:17 of 3rd period - Snap shot by Craig Smith.
0:17 of 3rd period - Stopped by Mads Sogaard with a rebound.
1:10 of 3rd period - Martin Chromiak is hit by Braden Schneider and loses puck.
1:53 of 3rd period - Penalty to Brayden Pachal is over, Brayden Pachal is back on ice.
2:32 of 3rd period - Slapshot by Graeme Clarke.
2:32 of 3rd period - Shot Blocked by Logan Stanley.
2:34 of 3rd period - Snap shot by Braden Schneider.
2:34 of 3rd period - Shot Misses the Net.
2:36 of 3rd period - Slapshot by Braden Schneider.
2:36 of 3rd period - Deflect By Graeme Clarke.
2:36 of 3rd period - Shot Blocked by Guillaume Brisebois.
2:36 of 3rd period - Puck is out of play.
2:37 of 3rd period - Vinni Lettieri wins face-off versus Graeme Clarke in Rock Island Raccoons zone.
2:56 of 3rd period - Justin Barron is hit by Brendan Smith and loses puck.
3:03 of 3rd period - Snap shot by Simon Holmstrom.
3:03 of 3rd period - Deflect By Mike Hardman.
3:03 of 3rd period - Shot Misses the Net.
3:03 of 3rd period - Puck is out of play.
3:04 of 3rd period - Brayden Tracey wins face-off versus Vinni Lettieri in Rock Island Raccoons zone.
3:07 of 3rd period - Snap shot by Ethen Frank.
3:07 of 3rd period - Shot Blocked by Kyle Burroughs.
3:09 of 3rd period - Slapshot by Martin Kaut.
3:09 of 3rd period - Shot Blocked by Alex Barre-Boulet.
3:11 of 3rd period - Snap shot by Ethen Frank.
3:11 of 3rd period - Stopped by Craig Anderson without a rebound.
3:12 of 3rd period - Vinni Lettieri wins face-off versus Ethen Frank in Rock Island Raccoons zone.
3:14 of 3rd period - Major / Game Misconduct Penalty to Alex Barre-Boulet for Attempt to injure.
3:14 of 3rd period - Alex Barre-Boulet is ejected from game.
3:15 of 3rd period - Craig Smith wins face-off versus Ethen Frank in Rock Island Raccoons zone.
4:58 of 3rd period - Nils Lundkvist is hit by Jujhar Khaira.
5:38 of 3rd period - Guillaume Brisebois is hit by Simon Holmstrom and loses puck.
6:04 of 3rd period - Carl Hagelin is hit by Oliver Wahlstrom and loses puck.
6:41 of 3rd period - Off-side.
6:42 of 3rd period - Craig Smith wins face-off versus Graeme Clarke in neutral zone.
6:51 of 3rd period - Justin Barron is hit by Jujhar Khaira and loses puck.
7:29 of 3rd period - Icing by Shakir Mukhamadullin.
7:30 of 3rd period - Graeme Clarke wins face-off versus Craig Smith in Laval Squanderers zone.
8:14 of 3rd period - Penalty to Alex Barre-Boulet is over, Vinni Lettieri is send on ice.
8:17 of 3rd period - Kyle Burroughs is hit by Braden Schneider and loses puck.
8:22 of 3rd period - Snap shot by Graeme Clarke.
8:22 of 3rd period - Shot Misses the Net.
8:44 of 3rd period - Tuukka Tieksola is hit by Nils Lundkvist.
10:09 of 3rd period - Cross Hanas is hit by Ryan Lindgren and loses puck.
10:28 of 3rd period - Nils Lundkvist is hit by Damien Giroux and loses puck.
10:59 of 3rd period - Oliver Wahlstrom is hit by Andrew Ladd and loses puck.
11:12 of 3rd period - Eric Robinson is hit by Brayden Tracey and loses puck.
11:31 of 3rd period - Martin Chromiak is hit by Shakir Mukhamadullin.
12:06 of 3rd period - Vinni Lettieri is hit by Martin Kaut and loses puck.
13:13 of 3rd period - Wrist shot by Mike Hardman.
13:13 of 3rd period - Shot Misses the Net.
13:15 of 3rd period - Wrist shot by Mike Hardman.
13:15 of 3rd period - Stopped by Craig Anderson with a rebound.
13:48 of 3rd period - Snap shot by Cross Hanas.
13:48 of 3rd period - Shot Misses the Net.
13:50 of 3rd period - Wrist shot by Danila Klimovich.
13:50 of 3rd period - Shot Misses the Net.
14:08 of 3rd period - Snap shot by Vinni Lettieri.
14:08 of 3rd period - Shot Misses the Net.
14:20 of 3rd period - Snap shot by Andrew Ladd.
14:20 of 3rd period - Shot Blocked by Braden Schneider.
14:36 of 3rd period - Graeme Clarke is hit by Martin Chromiak and loses puck.
15:14 of 3rd period - Snap shot by Simon Holmstrom.
15:14 of 3rd period - Shot Misses the Net.
15:32 of 3rd period - Brett Howden is hit by Jake Walman and loses puck.
15:49 of 3rd period - Craig Smith is hit by Martin Kaut and loses puck.
15:56 of 3rd period - Ethen Frank is hit by Ryan Lindgren and loses puck.
16:33 of 3rd period - Slapshot by Lias Andersson.
16:33 of 3rd period - Stopped by Craig Anderson with a rebound.
16:40 of 3rd period - Icing by Karl Henriksson.
16:41 of 3rd period - Craig Smith wins face-off versus Ethen Frank in Rock Island Raccoons zone.
17:20 of 3rd period - Martin Chromiak is hit by Lias Andersson and loses puck.
17:29 of 3rd period - Snap shot by Oliver Wahlstrom.
17:29 of 3rd period - Deflect By Lias Andersson.
17:29 of 3rd period - Stopped by Craig Anderson with a rebound.
17:46 of 3rd period - Icing by Martin Kaut.
17:47 of 3rd period - Ethen Frank wins face-off versus Andrew Ladd in Laval Squanderers zone.
17:47 of 3rd period - Ethen Frank is hit by Damien Giroux.
17:55 of 3rd period - Brendan Smith is hit by Brayden Tracey and loses puck.
18:14 of 3rd period - Nils Lundkvist is hit by Karl Henriksson.
18:35 of 3rd period - Off-side.
18:36 of 3rd period - Cross Hanas wins face-off versus Jujhar Khaira in neutral zone.
18:39 of 3rd period - Slapshot by Braden Schneider.
18:39 of 3rd period - Shot Misses the Net.
18:41 of 3rd period - Snap shot by Justin Barron.
18:41 of 3rd period - Stopped by Craig Anderson without a rebound.
18:42 of 3rd period - Graeme Clarke wins face-off versus Damien Giroux in Rock Island Raccoons zone.
18:53 of 3rd period - Snap shot by Graeme Clarke.
18:53 of 3rd period - Stopped by Craig Anderson with a rebound.
18:55 of 3rd period - Slapshot by Kaedan Korczak.
18:55 of 3rd period - Deflect By Mike Hardman.
18:55 of 3rd period - Stopped by Craig Anderson without a rebound.
18:56 of 3rd period - Karl Henriksson wins face-off versus Cross Hanas in Rock Island Raccoons zone.
19:03 of 3rd period - Slapshot by Ryan Lindgren.
19:03 of 3rd period - Stopped by Mads Sogaard without a rebound.
19:04 of 3rd period - Cross Hanas wins face-off versus Karl Henriksson in Laval Squanderers zone.
19:51 of 3rd period - Wrist shot by Graeme Clarke.
19:51 of 3rd period - Shot Blocked by Logan Stanley.
Goals for this period are 0 for Rock Island Raccoons vs 0 for Laval Squanderers.
Shots for this period are 2 for Rock Island Raccoons vs 7 for Laval Squanderers.
Overtime #1
0:01 of 1st overtime period - Jujhar Khaira wins face-off versus Oliver Wahlstrom in neutral zone.
1:54 of 1st overtime period - Nils Lundkvist is hit by Eric Robinson and loses puck.
2:37 of 1st overtime period - Snap shot by Graeme Clarke.
2:37 of 1st overtime period - Shot Misses the Net.
3:49 of 1st overtime period - Braden Schneider is hit by Karl Henriksson and loses puck.
4:14 of 1st overtime period - Logan Stanley is hit by Justin Barron.
4:46 of 1st overtime period - Icing by Ty Emberson.
4:47 of 1st overtime period - Jujhar Khaira wins face-off versus Danila Klimovich in Laval Squanderers zone.
4:50 of 1st overtime period - Snap shot by Jujhar Khaira.
4:50 of 1st overtime period - Shot Blocked by Nils Lundkvist.
Goals for this period are 0 for Rock Island Raccoons vs 0 for Laval Squanderers.
Shots for this period are 0 for Rock Island Raccoons vs 0 for Laval Squanderers.
ShootOut
5:00 of 1st overtime period - Round #1.
5:00 of 1st overtime period - Rock Island Raccoons, Jujhar Khaira.
5:00 of 1st overtime period - Wrist shot by Jujhar Khaira.
5:00 of 1st overtime period - Stopped by Mads Sogaard.
5:00 of 1st overtime period - Laval Squanderers, Oliver Wahlstrom.
5:00 of 1st overtime period - Wrist shot by Oliver Wahlstrom.
5:00 of 1st overtime period - Shot Misses the Net.
5:00 of 1st overtime period - Round #2.
5:00 of 1st overtime period - Rock Island Raccoons, Eric Robinson.
5:00 of 1st overtime period - Wrist shot by Eric Robinson.
5:00 of 1st overtime period - Stopped by Mads Sogaard.
5:00 of 1st overtime period - Laval Squanderers, Brett Howden.
5:00 of 1st overtime period - Backhand shot by Brett Howden.
5:00 of 1st overtime period - Stopped by Craig Anderson.
5:00 of 1st overtime period - Round #3.
5:00 of 1st overtime period - Rock Island Raccoons, Craig Smith.
5:00 of 1st overtime period - Deke by Craig Smith.
5:00 of 1st overtime period - Goal by Craig Smith.
5:00 of 1st overtime period - Laval Squanderers, Lias Andersson.
5:00 of 1st overtime period - Backhand shot by Lias Andersson.
5:00 of 1st overtime period - Stopped by Craig Anderson.
Back to the Top